 Dungeon Crawl Stone Soup version 0.29-a0-82-g837932c90e (webtiles) character file.

Game seed: 12485578456047860710

476 drugrobin the Grasshopper (level 6, -1/48 HPs)
             Began as a Demigod Warper on Feb 4, 2022.
             Slain by an ogre (30 damage)
             ... on level 4 of the Dungeon.
             The game lasted 00:10:47 (4615 turns).

drugrobin the Grasshopper (Demigod Warper)          Turns: 4615, Time: 00:10:48

Health: -1/48      AC:  5    Str: 16    XL:     6   Next: 54%
Magic:  14/14      EV: 12    Int: 15    God:
Gold:   156        SH:  0    Dex: 17    Spells: 7/12 levels left

rFire   . . .      SeeInvis .   p - +2 hand axe (venom)
rCold   . . .      Faith    .   (no shield)
rNeg    . . .      Spirit   .   b - +0 leather armour
rPois   .          Reflect  .   e - +0 helmet
rElec   .          Harm     .   (no cloak)
rCorr   .          Rampage  .   (no gloves)
Will    .....                   o - +0 pair of boots
Stlth   +.........              g - amulet of magic regeneration
HPRegen 0.16/turn               (no ring)
MPRegen 0.54/turn               (no ring)

@: no status effects
A: high MP 1, forlorn, divine attributes
a: no special abilities


You were on level 4 of the Dungeon.
You visited 1 branch of the dungeon, and saw 4 of its levels.

You collected 182 gold pieces.
You spent 26 gold pieces at shops.

Inventory:

Hand Weapons
 a - a +0 spear
 p - a +2 hand axe of venom (weapon)
 s - a +0 trident
Missiles
 d - 3 boomerangs of dispersal
 m - 46 arrows
 r - 3 poisoned darts (quivered)
Armour
 b - a +0 leather armour (worn)
 e - a +0 helmet (worn)
 o - a +0 pair of boots (worn)
 v - a +0 ring mail
Jewellery
 g - an amulet of magic regeneration (around neck)
Scrolls
 c - a scroll of blinking
 f - 4 scrolls of teleportation {unknown}
 h - 2 scrolls of fear {unknown}
 i - 2 scrolls of identify
 n - 4 scrolls of enchant armour {unknown}
 q - a scroll of amnesia {unknown}
 t - a scroll of noise {unknown}
Potions
 j - 2 potions of haste {unknown}
 k - a potion of heal wounds {unknown}
 l - a potion of cancellation {unknown}
 u - 2 potions of brilliance {unknown}


   Skills:
 - Level 1.8 Fighting
 + Level 4.3 Polearms
 - Level 0.8 Throwing
 - Level 0.8 Armour
 - Level 1.7 Dodging
 - Level 3.5 Spellcasting
 + Level 4.7 Translocations


You had 7 spell levels left.
You knew the following spells:

 Your Spells              Type           Power      Damage    Failure   Level
a - Teleport Other        Tloc           16%        N/A       10%         3
b - Blink                 Tloc           32%        N/A       4%          2

Your spell library contained the following spells:

 Spells                   Type           Power      Damage    Failure   Level
 Gell's Gravitas          Tloc           16%        N/A       10%         3
 Lesser Beckoning         Tloc           16%        N/A       10%         3
 Sublimation of Blood     Necr           2%         N/A       34%         2
 Wereblood                Tmut           2%         N/A       34%         2
 Manifold Assault         Tloc           16%        N/A       67%         5
 Dispersal                Tloc           8%         N/A       99%         6
 Summon Hydra             Summ           1%         N/A       100%        7


Dungeon Overview and Level Annotations

Branches:
Dungeon (4/15)
 Temple: D:4-7

Shops:
D:3 ?

Annotations:
D:2 exclusion: adder
D:4 exclusion: door


Innate Abilities, Weirdness & Mutations

You have an increased reservoir of magic. (+10% MP)
You shall have no god before yourself.
Your divine heritage dramatically boosts your attributes as you level up.


Message History

Aim: an orc, wielding a +0 whip (about 40% to evade your +0 trident)
You reach to attack!
You hit the orc.
The orc is almost dead.
You puncture the orc!
You kill the orc!
An ogre comes into view. It is wielding a +0 giant club.
Things that are here:
a +0 whip; a +0 long sword; an orc corpse Throw: 5 darts (poison)
Press: ? - help, Q - select action, (/) - cycle Shift-Dir - straight line, f - ogre
Aim: an ogre, wielding a +0 giant club (74% to hit)
You throw a poisoned dart.
The poisoned dart barely misses the ogre.
Unknown command.
Unknown command.
Throw: 4 darts (poison)
Press: ? - help, Q - select action, (/) - cycle Shift-Dir - straight line, f/p - ogre
Aim: an ogre, wielding a +0 giant club (74% to hit)
You throw a poisoned dart.
The poisoned dart barely misses the ogre.
Unknown command.
Unknown command.
Reach: s) +0 trident
Press: ? - help, Dir - move target, f/p - ogre
Aim: an ogre, wielding a +0 giant club (about 25% to evade your +0 trident)
You reach to attack!
You hit the ogre.
The ogre is lightly wounded.
Unknown command.
Your +2 hand axe of venom begins to drip with poison!
p - a +2 hand axe of venom (weapon)
You hit the ogre.
The ogre is poisoned.
The ogre is lightly wounded.
The ogre hits you with a +0 giant club!!
You see here a +0 short sword.
The ogre looks more healthy.
You hit the ogre.
The ogre is poisoned.
The ogre is moderately wounded.
The ogre hits you with a +0 giant club!!
Ouch! That really hurt!
You die...

####...####..
#..##.......#
#....########
###.......##.#
#.##.........##.########
.............)..........
.P._.P.#####.##.########
.............##O#
###############@##########
#...)....<.# ############


You could see an ogre (very poisoned).

Vanquished Creatures
  An ogre (D:4)
  A scorpion (D:4)
  A water moccasin skeleton (D:4)
  A killer bee (D:4)
  2 hounds (D:4)
  2 centaur skeletons (D:4)
  An orc priest (D:3)
  A hound skeleton (D:4)
  4 adders (D:4)
  An adder skeleton (D:4)
  A worm (D:3)
  3 dart slugs
  6 orcs
  4 endoplasms
  6 hobgoblins
  5 kobolds
  A quokka (D:1)
  3 ball pythons
  2 bats
  2 frilled lizards (D:3)
  4 rats (D:1)
52 creatures vanquished.

Notes
Turn   | Place    | Note
-------+----------+-------------------------------------------
     0 | D:1      | drugrobin the Demigod Warper began the quest for the Orb.
     0 | D:1      | Reached XP level 1. HP: 17/17 MP: 5/5
   558 | D:1      | Reached XP level 2. HP: 18/24 MP: 7/7
   562 | D:1      | Learned a level 2 spell: Blink
  1719 | D:3      | Reached XP level 3. HP: 15/29 MP: 9/9
  2080 | D:3      | Found Duliuq's Magic Scroll Shop.
  2105 | D:3      | Bought a scroll of identify for 26 gold pieces
  2739 | D:4      | Noticed an ogre
  2815 | D:4      | Noticed an orc warrior
  2870 | D:4      | Reached XP level 4. HP: 29/36 MP: 10/10
  2889 | D:4      | Reached XP level 5. HP: 23/41 MP: 10/12
  3271 | D:4      | Learned a level 3 spell: Teleport Other
  3427 | D:4      | Killed an ogre
  3652 | D:4      | Reached XP level 6. HP: 28/48 MP: 14/14
  4615 | D:4      | Slain by an ogre

Illustrated notes

Levels and vault maps discovered:
D:1:      dpeg_arrival_ternary, layout_rooms, nicolae_ecumenical_lake_church,
          minmay_statues_item, glass_columns_b
D:2:      layout_loops_cross, hex_medium
D:3:      layout_rooms, serial_shops, shop
D:4:      layout_basic, led_sif_book, mainiacjoe_overflow_tiny_flanked,
          serial_shops, nicolae_shop_competitors_out_of_business,
          grunt_ministairs_6, nicolae_zen_rock_garden, nzn_random_ring

Skill      XL: |  1  2  3  4  5  6 |
---------------+-------------------+-----
Polearms       | 2 3 4 |  4.3
Spellcasting   | 2 3 |  3.5
Translocations | 3 4 |  4.7
Fighting       | |  1.8
Throwing       | |  0.8
Armour         | |  0.8
Dodging        | |  1.7

Action                   |  1- 3 |  4- 6 || total
-------------------------+-------+-------++-------
Melee: Spear             |   133 |       ||   133
       Punch             |     4 |     1 ||     5
       Hand axe          |    21 |    36 ||    57
       Trident           |    11 |    40 ||    51
Throw: Dart              |     8 |     9 ||    17
       Boomerang         |     2 |       ||     2
 Cast: Blink             |     2 |     1 ||     3
       Teleport Other    |       |     2 ||     2
 Stab: Sleeping          |     1 |       ||     1
Armor: Leather armour    |    45 |    26 ||    71
Dodge: Dodged            |    75 |    70 ||   145

Table legend: (Time is in decaauts)
 A = Elapsed time spent in this place.
 B = Non-inter-level travel time spent in this place.
 C = Inter-level travel time spent in this place.
 D = Time resting spent in this place.
 E = Time spent auto-exploring this place.
 F = Levels seen in this place.
 G = Mean time per level.
                   A        B        C        D        E       F      G
               +--------+--------+--------+--------+--------+-----+--------+
         Total |   4630 |   4426 |    204 |   1917 |   1538 |   4 | 1157.5 |
       Dungeon |   4630 |   4426 |    204 |   1917 |   1538 |   4 | 1157.5 |
               +--------+--------+--------+--------+--------+-----+--------+

Top non-repeatable levels by time:
     D:4: 1561 daAuts
     D:3: 1247 daAuts
     D:1: 943 daAuts
     D:2: 878 daAuts
